Map: Eternal Empire LE

Players

PeachyKeen

  • Race: Zerg Zerg
  • League: Diamond
  • Spawn Location: 1:00

ViBE - Winner!

  • Race: Zerg Zerg
  • League: Diamond
  • Spawn Location: 7:00

VOD

Have the link to the VOD?

Description

Time

  • Played on: Dec. 15, 2019, 12:51 a.m.
  • Length: 9:50
Show
View Real Time Build Order
Export as new Build Order

PeachyKeen Zerg 

Build Orders: Hatch First 

Get SALT Encoding   

  12  0:01  Drone  
  13  0:13  Overlord  
  13  0:24  Drone  
  14  0:33  Drone x2  
  16  0:37  Drone  
  17  0:50  Drone  
  18  0:57  Hatchery  
  18  1:02  Extractor, Drone  
  17  1:17  Spawning Pool  
  17  1:18  Drone  
  17  1:30  Drone x2  
  19  1:39  Overlord  
  19  1:51  Drone  
  20  2:01  Drone  
  21  2:03  Queen  
  21  2:04  Metabolic Boost  
  23  2:08  Queen  
  23  2:12  Zergling x2  
  27  2:15  Zergling x2  
  27  2:33  Overlord x2  
  27  2:39  Spine Crawler  
  26  2:48  Drone x3  
  26  2:50  Zergling x2  
  30  3:09  Hatchery  
  29  3:18  Drone x3  
  32  3:27  Overlord  
  32  3:30  Queen  
  34  3:36  Queen  
  36  3:56  Drone x4  
  36  3:57  Drone x4  
  36  4:00  Drone x2  
  46  4:22  Queen  
  48  4:25  Lair  
  48  4:27  Drone  
  48  4:30  Extractor, Drone  
  48  4:31  Drone x2  
  51  4:35  Drone x3  
  51  4:36  Drone  
  55  4:41  Roach Warren  
  55  4:43  Drone x2, Evolution Chamber  
  55  4:45  Drone  
  56  4:46  Evolution Chamber  
  56  4:47  Pneumatized Carapace  
  55  5:00  Drone x2  
  55  5:01  Drone  
  55  5:03  Overlord  
  55  5:04  Overlord x2  
  58  5:18  Zerg Ground Armor Level 1, Zerg Missile Weapons Level 1  
  58  5:24  Spore Crawler  
  58  5:27  Spore Crawler  
  56  5:31  Extractor  
  56  5:33  Extractor  
  56  5:34  Spore Crawler  
  53  5:55  Drone  
  54  5:58  Roach  
  54  5:59  Roach x13  
  82  6:04  Overlord x3  
  82  6:24  Drone x3  
  82  6:25  Drone x3  
  88  6:26  Drone  
  88  6:27  Drone x2, Overlord  
  88  6:28  Overlord  
  91  6:40  Roach  
  91  6:41  Roach x4  
  101  6:58  Roach x9  
  101  7:00  Overlord  
  119  7:03  Glial Reconstitution  
  119  7:07  Zergling x2  
  120  7:18  Drone  
  120  7:19  Overlord x2  
  121  7:33  Zergling x2  
  121  7:34  Zergling x16  
  130  7:50  Zergling x10  
  135  7:51  Ravager  
  135  7:52  Ravager x6  
  142  7:59  Roach x2  
  142  8:02  Overlord x3  
  146  8:18  Hatchery  
  130  8:40  Roach x5  
  130  8:41  Roach x7  
  146  9:02  Roach x5  
  144  9:03  Roach x3  
  118  9:11  Roach  
  118  9:12  Roach x3  
  98  9:21  Roach x5  
  98  9:22  Roach x3  
  98  9:30  Roach x2  
Show
View Real Time Build Order
Export as new Build Order

ViBE Zerg - Winner!

Build Orders: Hatch First, Roach Hydra 

Get SALT Encoding   

  12  0:00  Drone  
  13  0:13  Overlord  
  13  0:17  Drone  
  14  0:32  Drone x2  
  16  0:51  Hatchery  
  16  0:55  Drone  
  16  0:58  Drone  
  16  1:04  Drone  
  18  1:16  Spawning Pool  
  17  1:20  Drone  
  17  1:23  Drone  
  19  1:29  Drone  
  20  1:38  Extractor  
  20  1:40  Drone  
  20  1:51  Overlord  
  20  2:04  Queen x2  
  20  2:05  Zergling x4  
  26  2:12  Drone  
  28  2:22  Drone  
  28  2:23  Drone  
  29  2:30  Drone  
  29  2:34  Drone  
  31  2:40  Queen  
  31  2:41  Drone  
  34  2:49  Drone x2  
  36  2:52  Lair  
  36  3:08  Overlord  
  36  3:09  Overlord  
  36  3:19  Drone, Roach Warren  
  35  3:22  Drone, Evolution Chamber  
  35  3:26  Drone x6  
  41  3:28  Evolution Chamber  
  40  3:37  Drone  
  40  3:38  Drone  
  42  3:43  Drone  
  42  3:45  Drone  
  42  3:46  Drone x5  
  49  3:49  Extractor  
  49  3:50  Extractor, Zerg Missile Weapons Level 1  
  49  3:54  Overlord  
  47  3:59  Drone x2  
  49  4:04  Glial Reconstitution  
  49  4:15  Roach  
  49  4:16  Overlord x2  
  51  4:32  Roach x4  
  51  4:37  Hatchery  
  58  4:38  Roach  
  58  4:39  Roach x2  
  64  4:46  Drone x3  
  64  4:48  Overseer  
  64  4:52  Drone x4  
  71  4:54  Drone  
  71  4:55  Drone  
  73  5:00  Overlord  
  73  5:11  Drone x3  
  76  5:20  Drone x2  
  78  5:27  Overlord x3  
  78  5:31  Zerg Ground Armor Level 1  
  78  5:33  Drone x5  
  83  5:41  Drone  
  84  5:48  Drone  
  85  5:51  Hydralisk Den  
  85  5:53  Extractor  
  85  5:55  Drone x3  
  86  6:04  Extractor x2  
  86  6:06  Drone x5  
  86  6:08  Drone  
  86  6:09  Roach  
  92  6:14  Hatchery  
  92  6:18  Roach x3, Zerg Missile Weapons Level 2  
  97  6:28  Overlord x3  
  99  6:32  Roach  
  99  6:36  Roach x2  
  103  6:47  Roach x4  
  103  6:48  Roach x6  
  103  6:52  Overlord x2  
  123  7:00  Roach x2  
  127  7:02  Grooved Spines  
  127  7:09  Drone  
  127  7:11  Lurker Den  
  127  7:19  Roach  
  127  7:20  Roach x4  
  127  7:21  Overlord  
  137  7:23  Queen  
  137  7:25  Overlord  
  137  7:28  Overlord  
  139  7:36  Overlord  
  139  7:37  Overlord x3  
  139  7:45  Roach x2  
  139  7:46  Roach x7  
  139  7:50  Roach x3  
  163  7:58  Hydralisk  
  163  7:59  Hydralisk  
  163  8:05  Hydralisk x2  
  169  8:09  Overseer, Hydralisk x6  
  169  8:10  Hydralisk  
  185  8:13  Hydralisk, Muscular Augments  
  185  8:16  Hydralisk  
  185  8:18  Roach  
  193  8:20  Roach  
  193  8:21  Roach  
  193  8:23  Roach  
  197  8:28  Roach  
  197  8:29  Drone  
  191  8:47  Roach x4  
  199  8:52  Lurker Den  
  199  8:53  Drone, Infestation Pit  
  197  9:01  Roach x8  
  197  9:02  Roach x2  
  199  9:03  Roach  
  199  9:09  Roach x8  
  191  9:10  Roach  
  191  9:14  Roach  
  177  9:18  Roach  
  177  9:19  Roach  
  179  9:24  Roach x2  
  179  9:28  Roach  
Tags
 
Composition
Roach Hydra
Matchup
ZvZ
Race
Zerg
Replay Pack
Zerg
Spawn Locations
Cross Positions
Add a new tag
Caveats
  • Supply blocks, unpowered buildings, or Contaminate may cause inaccurate times.
  • Supply counts are checked every 10 seconds.